AoeStats
← matt

MegaRandom

506805635Analyzed
1v1 RM · 17d ago on Sep 15, 2026· 51m 45s· 2 players
Game mode
Random Map
Map size
Tiny (2 player)
Population
200
Speed
Normal
Resources
Standard
Victory
Conquest
Starting age
Dark Age
Ending age
Imperial Age
RankedLock teamsTeams togetherTeam positionsShared explorationLock speedFull tech treeHidden civsTurbo modeCheats
Victory
Defeat
🇨🇱 Wei · Chile
342
+12
🇳🇿 Burmese · New Zealand
249
-12
matt
4:00 Loom
10:22 Feudal Age
11:59 Wheelbarrow
11:15 Town Watch
12:47 Gold Mining
15:07 Stone Mining
20:14 Castle Age
21:43 Husbandry
23:37 Pikeman
24:21 Squires
24:45 Bloodlines
26:51 Hand Cart
29:37 Manipur Cavalry
32:14 Imperial Age
31:06 Scale Mail Armor
31:16 Forging
31:33 Murder Holes
31:23 Treadmill Crane
33:45 Conscription
34:30 Town Patrol
34:22 Capped Ram
36:09 Gold Shaft Mining
35:54 Halberdier
37:37 Chain Mail Armor
37:30 Guard Tower
41:27 Plate Mail Armor
41:33 Iron Casting
41:19 Light Cavalry
41:31 Elite Skirmisher
45:16 Keep
46:52 Blast Furnace
FenoxVII
10:31 Feudal Age
13:25 Horse Collar
13:40 Double-Bit Axe
15:07 Wheelbarrow
15:35 Scale Barding Armor
21:20 Bloodlines
21:33 Forging
25:49 Castle Age
25:14 Fletching
26:50 Husbandry
26:34 Light Cavalry
27:32 Elite Skirmisher
31:07 Bow Saw
32:55 Hand Cart
34:09 Gold Mining
34:12 Stone Mining
36:38 Chain Barding Armor
40:47 Imperial Age
41:13 Gold Shaft Mining
43:17 Chemistry
43:54 Ballistics
43:44 Tuntian
45:13 Heavy Hei Guang Cavalry
47:19 Heavy Scorpion
48:51 Thumb Ring
Connection lost

Rejoining the realm…

Still unreachable

The connection could not be restored.

Session expired

The server has moved on; the page needs a fresh start.